AoeStats
← john f kennedy

Arena

505724599Analyzed
3v3 RM · 22d ago on Sep 10, 2026· 60m 8s· 6 players
Game mode
Random Map
Map size
Normal (6 player)
Population
200
Speed
Normal
Resources
Standard
Victory
Conquest
Starting age
Dark Age
Ending age
Imperial Age
RankedLock teamsTeams togetherTeam positionsShared explorationLock speedFull tech treeHidden civsTurbo modeCheats
Victory
Defeat
🇬🇧 Turks · United Kingdom
895
+16
🇩🇪 Ethiopians · Germany
884
+17
🇩🇪 Teutons · Germany
845
+18
🇩🇰 Khmer · Denmark
921
-18
🇩🇰 Koreans · Denmark
904
-17
🇩🇰 Franks · Denmark
874
-16
Krogx
11:13 Feudal Age
12:31 Wheelbarrow
11:43 Double-Bit Axe
11:54 Horse Collar
16:04 Gold Mining
16:34 Loom
17:56 Stone Mining
20:32 Castle Age
21:47 Bow Saw
22:17 Gold Shaft Mining
22:03 Heavy Plow
23:54 Hand Cart
28:29 Thumb Ring
29:33 Ballistics
28:47 Crossbowman
30:14 Fletching
30:25 Scale Mail Armor
32:59 Stone Shaft Mining
33:17 Bodkin Arrow
33:37 Chain Mail Armor
35:38 Forging
41:57 Imperial Age
39:35 Eupseong
39:54 Masonry
42:01 Arbalester
43:35 Bracer
44:06 Plate Mail Armor
46:56 Chemistry
47:45 Architecture
54:10 Elite War Wagon
55:30 Coinage
55:00 Caravan
55:11 Guilds
55:35 Shinkichon
55:38 Conscription
Ludi
5:15 Loom
11:47 Feudal Age
17:13 Castle Age
15:36 Horse Collar
16:36 Double-Bit Axe
21:43 Bow Saw
22:17 Heavy Plow
26:17 Imperial Age
27:48 Crop Rotation
28:25 Wheelbarrow
30:28 Scale Barding Armor
30:34 Forging
30:38 Masonry
30:26 Murder Holes
30:45 Fortified Wall
31:24 Bloodlines
31:16 Husbandry
31:27 Elite Battle Elephant
32:20 Tusk Swords
32:25 Gold Mining
32:27 Capped Ram
33:44 Chain Barding Armor
34:22 Iron Casting
36:11 Plate Barding Armor
36:46 Blast Furnace
39:53 Gold Shaft Mining
43:37 Hand Cart
47:13 Caravan
48:08 Architecture
47:37 Onager
51:06 Siege Engineers
57:47 Light Cavalry
john f kennedy
13:21 Feudal Age
19:25 Castle Age
18:15 Scale Barding Armor
18:07 Double-Bit Axe
18:14 Gold Mining
18:20 Stone Mining
22:52 Gold Shaft Mining
28:08 Bow Saw
28:08 Husbandry
28:24 Forging
28:20 Scale Barding Armor
34:30 Imperial Age
33:07 Iron Casting
35:12 Wheelbarrow
34:43 Cavalier
35:54 Chivalry
36:28 Paladin
39:48 #83
39:55 Hand Cart
43:07 Blast Furnace
42:27 Chain Barding Armor
48:02 Elite Throwing Axeman
49:21 Plate Barding Armor
50:54 Scale Mail Armor
50:44 Fletching
50:55 Padded Archer Armor
54:44 Pikeman
55:26 Squires
55:12 Arson
55:45 Chain Mail Armor
57:20 Halberdier
djd1993
11:09 Feudal Age
11:36 Double-Bit Axe
19:30 Castle Age
18:26 Horse Collar
21:32 Forging
21:29 Scale Barding Armor
24:23 Bow Saw
29:04 Imperial Age
27:20 Bloodlines
29:52 Iron Casting
29:40 Chain Barding Armor
29:56 Gold Mining
30:12 Heavy Plow
31:17 Ballistics
32:15 Wheelbarrow
32:02 Heavy Camel Rider
35:22 Blast Furnace
36:26 Gold Shaft Mining
37:23 Husbandry
39:41 Plate Barding Armor
44:54 Conscription
44:45 Fletching
47:49 Masonry
Artor
4:26 Loom
12:00 Feudal Age
18:05 Castle Age
21:50 Wheelbarrow
26:56 Imperial Age
24:57 Double-Bit Axe
24:54 Horse Collar
25:10 Gold Mining
27:37 Ballistics
27:33 Stone Mining
27:55 Bow Saw
29:15 Hand Cart
30:46 Conscription
32:29 Gold Shaft Mining
32:12 Heavy Plow
33:16 Two-Man Saw
32:55 Stone Shaft Mining
33:15 Heavy Scorpion
34:54 Siege Engineers
34:44 Town Watch
36:49 Chemistry
36:31 Stone Shaft Mining
38:29 Torsion Engines
40:02 Fortified Wall
39:45 Town Watch
40:05 Caravan
46:43 Arson
46:59 Squires
47:05 Scale Mail Armor
47:15 Forging
48:15 Town Patrol
48:17 Elite Shotel Warrior
48:59 Royal Heirs
49:48 Iron Casting
49:29 Chain Mail Armor
sandy
0:48 Loom
12:03 Feudal Age
12:40 Horse Collar
20:41 Castle Age
19:21 Bloodlines
19:27 Stone Mining
19:47 Gold Mining
19:54 Double-Bit Axe
20:12 Gold Mining
21:23 Heavy Plow
22:46 Squires
26:25 Fletching
28:19 Wheelbarrow
27:56 Pikeman
29:47 Bodkin Arrow
33:41 Imperial Age
32:05 Forging
31:56 Scale Mail Armor
33:14 Hand Cart
33:54 Chain Mail Armor
34:15 Iron Casting
33:46 Scale Barding Armor
34:13 Bow Saw
35:51 Plate Mail Armor
34:43 Halberdier
36:35 Cavalier
39:39 Ballistics
38:59 Paladin
40:25 Masonry
40:21 Siege Engineers
41:05 Conscription
41:57 Chain Barding Armor
42:48 Padded Archer Armor
43:48 Blast Furnace
43:26 Plate Barding Armor
60:38 Caravan
Connection lost

Rejoining the realm…

Still unreachable

The connection could not be restored.

Session expired

The server has moved on; the page needs a fresh start.